 Dungeon Crawl Stone Soup version 0.28-a0-1594-ga885d4b3d6 (webtiles) character file.

Game seed: 4246318336603076065

478 fragbeetle the Chiller (level 7, 0/51 HPs)
             Began as a Merfolk Ice Elementalist on Jan 21, 2022.
             Killed by divine providence
             ... invoked by an orc priest
              (15 damage)
             ... on level 4 of the Dungeon.
             The game lasted 00:09:49 (3688 turns).

fragbeetle the Chiller (Merfolk Ice Elementalist)   Turns: 3688, Time: 00:09:51

Health: 0/51       AC:  6    Str: 10    XL:     7   Next: 11%
Magic:  0/10       EV: 11    Int: 14    God:
Gold:   219        SH:  4    Dex: 15    Spells: 3/10 levels left

rFire   + . .      SeeInvis .   c - +2 trident (flame)
rCold   . . .      Faith    .   r - +0 buckler
rNeg    . . .      Spirit   .   m - +0 ring mail {rF+}
rPois   .          Reflect  .   j - +0 helmet
rElec   .          Harm     .   (no cloak)
rCorr   .          Rampage  .   (no gloves)
Will    .....                   (no boots)
Stlth   ++........              (no amulet)
HPRegen 0.17/turn               (no ring)
MPRegen 0.12/turn               (no ring)

@: very slightly contaminated
A: (nimble swimmer 2), mertail
a: no special abilities


You were on level 4 of the Dungeon.
You visited 1 branch of the dungeon, and saw 4 of its levels.

You collected 219 gold pieces.

Inventory:

Hand Weapons
 c - a +2 trident of flaming (weapon)
 i - a +0 dagger of speed
Missiles
 p - 6 boomerangs
 s - 7 poisoned darts
Armour
 j - a +0 helmet (worn)
 m - a +0 ring mail of fire resistance (worn)
 r - a +0 buckler (worn)
Wands
 u - a wand of acid (4)
Scrolls
 e - a scroll of enchant weapon {unknown}
 f - a scroll of identify {unknown}
 h - a scroll of summoning {unknown}
 k - a scroll of teleportation {unknown}
 l - a scroll of blinking {unknown}
 o - a scroll of amnesia {unknown}
 q - a scroll of fear {unknown}
 t - a scroll of enchant armour {unknown}
Potions
 a - a potion of brilliance {unknown}
 b - a potion of flight {unknown}
 d - a potion of attraction {unknown}
 g - 2 potions of heal wounds {unknown}
 n - a potion of degeneration {unknown}


   Skills:
 + Level 2.9 Fighting
 - Level 0.2 Armour
 + Level 4.7 Dodging
 + Level 4.1 Stealth
 + Level 1.9 Shields
 - Level 2.0 Spellcasting
 * Level 6.5 Ice Magic


You had 3 spell levels left.
You knew the following spells:

 Your Spells              Type           Power      Damage    Failure   Level
a - Freeze                Ice            76%        1d9       6%          1
b - Frozen Ramparts       Ice            38%        1d5       17%         3
c - Ozocubu's Armour      Ice            19%        N/A       17%         3

Your spell library contained the following spells:

 Spells                   Type           Power      Damage    Failure   Level
 Hailstorm                Conj/Ice       10%        3d5       91%         4


Dungeon Overview and Level Annotations

Branches:
Dungeon (4/15)
 Temple: D:4-7

Altars:
Wu Jian


Innate Abilities, Weirdness & Mutations

((You are very nimble when in or above water. (Stealth+, EV+, Speed+++)))
Your lower body shifts to a powerful aquatic tail in water.


Message History

Unknown command.
Casting: Frozen Ramparts (dangerous; 19% risk of failure)
Confirm with . or Enter, or press ? or * to list all spells.
Casting: Frozen Ramparts (dangerous; 19% risk of failure)
Press: ? - help, Dir - look around, f - activate You miscast Frozen Ramparts.
Nothing appears to happen.
The orc priest misses you.
Unknown command.
Casting: Frozen Ramparts (dangerous; 19% risk of failure)
Confirm with . or Enter, or press ? or * to list all spells.
You don't have enough magic to cast this spell.
You barely miss the orc priest.
The orc priest mumbles some strange prayers to Beogh against you.
Beogh smites you!
The orc priest hits you with a +0 short sword.
* * * LOW HITPOINT WARNING * * *
You hit the orc priest. You burn the orc priest.
The orc priest is lightly wounded.
The orc priest barely misses you.
Okay, then.
You are too injured to fight recklessly!
Casting: Frozen Ramparts (dangerous; 19% risk of failure)
Confirm with . or Enter, or press ? or * to list all spells.
Aiming: Freeze (safe; 6% risk of failure)
Press: ? - help, Shift-Dir - straight line, f - orc priest
Aim: an orc priest, wielding a +0 short sword (lightly wounded)
You freeze the orc priest!
The orc priest is severely wounded.
The orc priest hits you but does no damage.
The orc priest barely misses you.
You hit the orc priest. You burn the orc priest.
You kill the orc priest!
You block the orc priest's attack.
You hit the orc priest. You burn the orc priest.
The orc priest is moderately wounded.
The orc priest hits you with a +0 club.
* * * LOW HITPOINT WARNING * * *
The orc priest calls down the wrath of Beogh upon you.
Beogh smites you!
You die...

.# .. .. .. ... .
#. .. #.## .# #.##
.# ...###.# ..# .#
#.#...# #.# .#
#...#######.###.#
##.).)..........##
##)#######..)o..#
#.# ###@#)..o...
##.# #...##....
#..# ###.# ...
#####.## ..# ..
...)..# ..#
####### ... # ...#
##


You could see an orc priest.

Vanquished Creatures
  2 ogres
  Blork the orc (D:4)
  2 orc priests (D:4)
  An iguana (D:2)
  Ijyb (D:4)
  Robin (D:2)
  2 adders (D:2)
  3 dart slugs (D:1)
  11 orcs
  5 ball pythons
  7 endoplasms
  A giant cockroach (D:2)
  10 goblins
  10 hobgoblins
  3 jackals (D:2)
  3 quokkas
  8 bats
  3 frilled lizards
  11 kobolds
  10 rats
95 creatures vanquished.

Notes
Turn   | Place    | Note
-------+----------+-------------------------------------------
     0 | D:1      | fragbeetle the Merfolk Ice Elementalist began the quest for
                  | the Orb.
     0 | D:1      | Reached XP level 1. HP: 13/13 MP: 3/3
   278 | D:1      | Reached XP level 2. HP: 20/20 MP: 1/5
   325 | D:1      | Found a faded altar of an unknown god.
   698 | D:1      | Reached skill level 1 in Fighting
   730 | D:1      | Reached XP level 3. HP: 9/26 MP: 2/6
   951 | D:1      | Learned a level 3 spell: Frozen Ramparts
  1374 | D:1      | Reached skill level 5 in Ice Magic
  1753 | D:2      | Noticed Robin
  1755 | D:2      | Reached XP level 4. HP: 27/32 MP: 7/7
  1763 | D:2      | Killed Robin
  2675 | D:2      | Reached XP level 5. HP: 29/38 MP: 4/8
  2688 | D:2      | Learned a level 3 spell: Ozocubu's Armour
  3024 | D:3      | Found an ornate altar of the Wu Jian Council.
  3316 | D:3      | Noticed an ogre
  3323 | D:3      | Killed an ogre
  3324 | D:3      | Reached skill level 1 in Shields
  3324 | D:3      | Reached XP level 6. HP: 37/45 MP: 2/9
  3473 | D:4      | Noticed Ijyb
  3477 | D:4      | Killed Ijyb
  3478 | D:4      | Reached skill level 6 in Ice Magic
  3537 | D:4      | Noticed Blork the orc
  3546 | D:4      | Killed Blork the orc
  3678 | D:4      | Reached XP level 7. HP: 28/51 MP: 6/10
  3688 | D:4      | Killed from afar by an orc priest

Illustrated notes

Levels and vault maps discovered:
D:1:      minmay_arrival_semitransparent, layout_loops_ring,
          ebering_ecumenical_altar_hall, minmay_tree_intersection,
          nrook_campfire
D:2:      layout_basic, kennysheep_generic_room_6, uniq_robin
D:3:      layout_rooms, amcnicky_altar_gilded
D:4:      layout_rooms, uniq_blork_the_orc, uniq_ijyb

Skill      XL: |  1  2  3  4  5  6 |
---------------+-------------------+-----
Dodging        | 3 4 |  4.7
Fighting       | 1 2 |  2.9
Ice Magic      | 5 6 |  6.5
Stealth        | 3 4 |  4.1
Shields        | 1 |  1.9
Armour         | |  0.2
Spellcasting   | |  2.0

Action                   |  1- 3 |  4- 6 |  7- 9 || total
-------------------------+-------+-------+-------++-------
Melee: Unarmed           |     8 |       |       ||     8
       Dagger            |    73 |       |       ||    73
       Trident           |     5 |   105 |     5 ||   115
       Short sword       |     2 |       |       ||     2
Throw: Dart              |       |     3 |       ||     3
 Cast: Freeze            |    24 |     4 |     1 ||    29
       Frozen Ramparts   |     1 |     9 |       ||    10
       Ozocubu's Armour  |       |     1 |       ||     1
 Stab: Sleeping          |     8 |     3 |       ||    11
Armor: Robe              |    14 |     3 |       ||    17
       Ring mail         |       |    36 |     1 ||    37
Dodge: Dodged            |    65 |    64 |     4 ||   133
Block: Buckler           |       |     8 |     1 ||     9

Table legend: (Time is in decaauts)
 A = Elapsed time spent in this place.
 B = Non-inter-level travel time spent in this place.
 C = Inter-level travel time spent in this place.
 D = Time resting spent in this place.
 E = Time spent auto-exploring this place.
 F = Levels seen in this place.
 G = Mean time per level.
                   A        B        C        D        E       F      G
               +--------+--------+--------+--------+--------+-----+--------+
         Total |   3722 |   3590 |    132 |    804 |   1850 |   4 |  930.5 |
       Dungeon |   3722 |   3590 |    132 |    804 |   1850 |   4 |  930.5 |
               +--------+--------+--------+--------+--------+-----+--------+

Top non-repeatable levels by time:
     D:1: 1621 daAuts
     D:2: 1272 daAuts
     D:3: 604 daAuts
     D:4: 224 daAuts
